 Dungeon Crawl Stone Soup version 0.28-a0-909-g796cbd3a86 (webtiles) character file.

Game seed: 4111580667548206652

145 gigimoi the Covert (level 5, -2/47 HPs)
             Began as a Gnoll Delver on Nov 24, 2021.
             Was a Follower of Zin.
             Slain by an iguana (8 damage)
             ... on level 4 of the Dungeon.
             The game lasted 00:07:50 (3480 turns).

gigimoi the Covert (Gnoll Delver)                   Turns: 3480, Time: 00:07:51

Health: -2/47      AC: 17    Str: 13    XL:     5   Next: 27%
Magic:  7/7        EV:  4    Int:  9    God:    Zin [*.....]
Gold:   84         SH:  9    Dex: 19    Spells: 6/6 levels left

rFire   . . .      SeeInvis .   p - +1 dagger (protect)
rCold   . . .      Faith    .   d - +0 kite shield
rNeg    . . .      Spirit   .   s - +0 chain mail
rPois   .          Reflect  .   (no helmet)
rElec   .          Harm     .   (no cloak)
rCorr   .          Rampage  .   (no gloves)
Will    .....                   i - +1 pair of boots
Stlth   ++........              (no amulet)
HPRegen 0.15/turn               n - +6 ring of dexterity
MPRegen 0.10/turn               o - ring of wizardry

@: under a protective aura
A: fangs 1, strong nose, distributed training
a: Renounce Religion, Recite, Donate Gold


You were on level 4 of the Dungeon.
You worshipped Zin.
Zin was aware of your devotion.
You visited 1 branch of the dungeon, and saw 5 of its levels.

You collected 143 gold pieces.
You donated 59 gold pieces to Zin.

Inventory:

Hand Weapons
 a - a +0 spear
 p - a +1 dagger of protection (weapon)
Armour
 b - a +0 leather armour
 d - a +0 kite shield (worn)
 i - a +1 pair of boots (worn)
 s - a +0 chain mail (worn)
Jewellery
 n - a +6 ring of dexterity (left hand)
 o - a ring of wizardry (right hand)
 r - a ring of protection from fire
Wands
 g - a wand of digging (2)
Scrolls
 c - 2 scrolls of fog
 e - a scroll of fear
 j - 3 scrolls of identify
 m - a scroll of holy word
 q - a scroll of enchant weapon {unknown}
Potions
 f - a potion of haste
 h - 3 potions of curing {unknown}
 k - a potion of attraction {unknown}
 l - a potion of resistance {unknown}


   Skills:
 + Level 6.7 Fighting
 + Level 1.4 Short Blades
 + Level 1.4 Long Blades
 + Level 1.4 Axes
 + Level 1.4 Maces & Flails
 + Level 4.7 Polearms
 + Level 1.4 Staves
 + Level 1.4 Slings
 + Level 1.4 Bows
 + Level 1.4 Crossbows
 + Level 1.4 Throwing
 + Level 1.4 Armour
 + Level 4.7 Dodging
 + Level 9.7 Stealth
 + Level 1.4 Shields
 + Level 1.4 Unarmed Combat
 + Level 1.4 Spellcasting
 + Level 1.1 Conjurations
 + Level 1.1 Hexes
 + Level 1.1 Summonings
 + Level 1.1 Necromancy
 + Level 1.1 Translocations
 + Level 1.1 Transmutations
 + Level 1.1 Fire Magic
 + Level 1.1 Ice Magic
 + Level 1.1 Air Magic
 + Level 1.1 Earth Magic
 + Level 1.1 Poison Magic
 + Level 1.6 Invocations
 + Level 1.4 Evocations


You had 6 spell levels left.
You didn't know any spells.
Your spell library contained the following spells:

 Spells                   Type           Power      Damage    Failure   Level
 Animate Skeleton         Necr           4%         N/A       100%        1
 Apportation              Tloc           4%         N/A       100%        1
 Shock                    Conj/Air       8%         1d3       100%        1
 Slow                     Hex            8%         N/A       100%        1
 Summon Small Mammal      Summ           8%         N/A       100%        1
 Confusing Touch          Hex            2%         N/A       100%        3
 Swiftness                Air            2%         N/A       100%        3
 Airstrike                Air            1%         N/A       100%        4
 Hailstorm                Conj/Ice       2%         3d3       100%        4
 Alistair's Intoxication  Tmut/Pois      1%         N/A       100%        5
 Borgnjor's Vile Clutch   Necr/Erth      1%         N/A       100%        5
 Eringya's Noxious Bog    Tmut/Pois      1%         N/A       100%        6
 Discord                  Hex            1%         N/A       100%        8


Dungeon Overview and Level Annotations

Branches:
Dungeon (5/15)             Temple (0/1) D:5

Altars:
Dithmenos
Okawaru
Zin

Shops:
D:2 =

Annotations:
D:5 Blork the orc


Innate Abilities, Weirdness & Mutations

You have very sharp teeth.
Your uncanny sense of smell can sniff out nearby items.
Your experience applies equally to all skills.


Message History

The iguana is severely wounded.
You feel very sick. The iguana bites you.
You feel sick.
You feel sick.
You feel sick.
The kobold throws a poisoned dart.
You block the poisoned dart.
A ball python comes into view.
There is an open door here.
You feel sick.
The kobold throws a poisoned dart.
The poisoned dart hits you!
You are more poisoned.
You feel sick.
You hit the iguana.
Your weapon exudes an aura of protection.
The iguana is almost dead.
You feel sick. The iguana bites you.
* * * LOW HITPOINT WARNING * * *
You barely miss the iguana.
The iguana is almost dead.
You feel sick. You block the iguana's attack. The iguana barely misses you.
Your shield and chain mail prevent you from hitting the iguana.
You bite the iguana, but do no damage.
The iguana is almost dead.
You feel sick.
The iguana bites you but does no damage.
You hit the iguana.
The iguana is almost dead.
You feel sick.
The iguana bites you but does no damage.
The ball python hisses angrily.
You hit the iguana but do no damage.
The iguana is almost dead.
You feel sick. You block the iguana's attack.
You hit the iguana but do no damage.
The iguana is almost dead.
You feel sick.
You are no longer poisoned.
The iguana bites you.
* * * LOW HITPOINT WARNING * * *
The iguana bites you!
You die...

#.........#..
.##
+.........S..
...
#.........#
### #......K#
##..S..##
##...## ##K##
#l# #@###
##...#
##...##
#.....#
.#####...###
...........#
#######.####
#.#
#.######.#


You could see an iguana, a ball python and a kobold.

Vanquished Creatures
  A hound (D:4)
  A bullfrog skeleton (D:4)
  2 adders (D:4)
  2 dart slugs
  5 orcs
  4 bats
  An endoplasm (D:1)
  A giant cockroach (D:1)
  7 goblins
  5 hobgoblins
  2 jackals (D:5)
  2 quokkas
  8 ball pythons
  6 frilled lizards
  6 kobolds
  6 rats
59 creatures vanquished.

Notes
Turn   | Place    | Note
-------+----------+-------------------------------------------
     0 | D:5      | Reached skill level 9 in Stealth
     0 | D:5      | gigimoi the Gnoll Delver began the quest for the Orb.
     0 | D:5      | Reached XP level 1. HP: 23/23 MP: 1/1
    22 | D:5      | Noticed Blork the orc
    95 | D:4      | Noticed a hound
   191 | D:4      | Reached XP level 2. HP: 20/29 MP: 2/2
   324 | D:4      | Noticed an ogre
   783 | D:4      | Reached skill level 1 in Invocations
   783 | D:4      | Reached XP level 3. HP: 17/35 MP: 2/4
  1038 | D:3      | Got the Collected Works on the Snowflakes and the Oath
  1106 | D:3      | Found an iron altar of Okawaru.
  1126 | D:3      | Reached skill level 1 in Short Blades
  1126 | D:3      | Reached skill level 1 in Long Blades
  1126 | D:3      | Reached skill level 1 in Axes
  1126 | D:3      | Reached skill level 1 in Maces & Flails
  1126 | D:3      | Reached skill level 1 in Staves
  1126 | D:3      | Reached skill level 1 in Slings
  1126 | D:3      | Reached skill level 1 in Bows
  1126 | D:3      | Reached skill level 1 in Crossbows
  1126 | D:3      | Reached skill level 1 in Throwing
  1126 | D:3      | Reached skill level 1 in Armour
  1126 | D:3      | Reached skill level 1 in Shields
  1126 | D:3      | Reached skill level 1 in Unarmed Combat
  1126 | D:3      | Reached skill level 1 in Spellcasting
  1126 | D:3      | Reached skill level 1 in Evocations
  1272 | D:3      | Found a glowing silver altar of Zin.
  1276 | D:3      | Became a worshipper of Zin the Law-Giver
  1295 | D:3      | Donated 45 gold pieces to Zin
  1717 | D:2      | Found Besator's Jewellery Emporium.
  1733 | D:2      | Reached XP level 4. HP: 41/41 MP: 5/5
  1752 | D:2      | Found a shadowy altar of Dithmenos.
  2259 | D:1      | Found a faded altar of an unknown god.
  2490 | D:1      | Reached * piety under Zin
  2675 | D:1      | Reached skill level 1 in Conjurations
  2675 | D:1      | Reached skill level 1 in Hexes
  2675 | D:1      | Reached skill level 1 in Summonings
  2675 | D:1      | Reached skill level 1 in Necromancy
  2675 | D:1      | Reached skill level 1 in Translocations
  2675 | D:1      | Reached skill level 1 in Transmutations
  2675 | D:1      | Reached skill level 1 in Fire Magic
  2675 | D:1      | Reached skill level 1 in Ice Magic
  2675 | D:1      | Reached skill level 1 in Air Magic
  2675 | D:1      | Reached skill level 1 in Earth Magic
  2675 | D:1      | Reached skill level 1 in Poison Magic
  3383 | D:4      | Reached XP level 5. HP: 47/47 MP: 5/7
  3480 | D:4      | Slain by an iguana

Illustrated notes

Levels and vault maps discovered:
D:1:      saegor_arrival_simple_e, layout_rooms,
          ebering_ecumenical_altar_petrified
D:2:      layout_rooms, serial_shops, nicolae_shop_stone, basic_altar
D:3:      layout_loops_ring, kennysheep_okawaru_gauntlet, zin_treasury
D:4:      layout_loops_corners, nicolae_uskayaw_dance_hall
D:5:      layout_loops_cross, mainiacjoe_overflow_paths,
          mainiacjoe_overflow_boulevard, minmay_temple_entry_stoned_glass,
          nrook_pool_corridor, minivault_26, eino_tiny_chamber,
          kennysheep_generic_room_4, uniq_blork_the_orc, uniq_duvessa,
          uniq_pikel

Skill      XL: |  1  2  3  4 |
---------------+-------------+-----
Stealth        | |  9.7
Invocations    | 1 |  1.6
Short Blades   | 1 |  1.4
Long Blades    | 1 |  1.4
Axes           | 1 |  1.4
Maces & Flails | 1 |  1.4
Staves         | 1 |  1.4
Slings         | 1 |  1.4
Bows           | 1 |  1.4
Crossbows      | 1 |  1.4
Throwing       | 1 |  1.4
Armour         | 1 |  1.4
Shields        | 1 |  1.4
Unarmed Combat | 1 |  1.4
Spellcasting   | 1 |  1.4
Evocations     | 1 |  1.4
Conjurations   | 1 |  1.1
Hexes          | 1 |  1.1
Summonings     | 1 |  1.1
Necromancy     | 1 |  1.1
Translocations | 1 |  1.1
Transmutations | 1 |  1.1
Fire Magic     | 1 |  1.1
Ice Magic      | 1 |  1.1
Air Magic      | 1 |  1.1
Earth Magic    | 1 |  1.1
Poison Magic   | 1 |  1.1
Fighting       | |  6.7
Polearms       | |  4.7
Dodging        | |  4.7

Action                   |  1- 3 |  4- 6 || total
-------------------------+-------+-------++-------
Melee: Spear             |    63 |    59 ||   122
       Bite              |     8 |    19 ||    27
       Dagger            |       |   100 ||   100
Invok: Donate Gold       |     1 |       ||     1
Evoke: Wand              |     1 |       ||     1
  Use: Scroll            |     1 |     1 ||     2
 Stab: Sleeping          |     6 |    12 ||    18
       Distracted        |     1 |       ||     1
Armor: Leather armour    |    19 |    30 ||    49
       Chain mail        |       |    29 ||    29
Dodge: Dodged            |    31 |    40 ||    71
Block: Kite shield       |    23 |    74 ||    97

Table legend: (Time is in decaauts)
 A = Elapsed time spent in this place.
 B = Non-inter-level travel time spent in this place.
 C = Inter-level travel time spent in this place.
 D = Time resting spent in this place.
 E = Time spent auto-exploring this place.
 F = Levels seen in this place.
 G = Mean time per level.
                   A        B        C        D        E       F      G
               +--------+--------+--------+--------+--------+-----+--------+
         Total |   3519 |   3245 |    274 |    336 |   2078 |   5 |  703.8 |
       Dungeon |   3519 |   3245 |    274 |    336 |   2078 |   5 |  703.8 |
               +--------+--------+--------+--------+--------+-----+--------+

Top non-repeatable levels by time:
     D:4: 1304 daAuts
     D:3: 818 daAuts
     D:1: 777 daAuts
     D:2: 584 daAuts
     D:5: 34 daAuts
